Map: Lerilak Crest

Players

LilDicky - Winner!

  • Race: Terran Terran
  • League: Diamond

cango

  • Race: Zerg Zerg
  • League: Platinum

VOD

http://www.twitch.tv/tumescentpie

Description

Time

  • Played on: Jan. 3, 2016, 7:41 p.m.
  • Length: 25:53
Show
View Real Time Build Order
Export as new Build Order

LilDicky Terran - Winner!

Build Orders: Command Center First (CC), MMM Bio 

Get SALT Encoding   

  12  0:16  SCV  
  13  0:28  SCV  
  14  0:32  Supply Depot  
  14  0:41  SCV  
  15  0:53  SCV  
  16  1:04  Command Center  
  16  1:10  SCV  
  17  1:34  Command Center  
  17  1:37  SCV  
  18  1:45  Supply Depot  
  18  1:50  SCV  
  19  2:01  Barracks  
  19  2:04  SCV  
  20  2:17  SCV  
  20  2:18  SCV  
  22  2:29  SCV  
  23  2:31  SCV  
  24  2:48  Orbital Command x3  
  24  2:50  Marine  
  25  2:55  Refinery  
  25  3:04  Refinery  
  25  3:08  Marine  
  26  3:14  Barracks  
  26  3:15  SCV  
  26  3:16  SCV  
  26  3:18  SCV  
  29  3:26  Marine  
  30  3:29  Barracks  
  30  3:37  SCV  
  31  3:41  SCV  
  31  3:42  SCV  
  34  3:49  SCV  
  34  3:50  Barracks Tech Lab  
  34  3:54  SCV  
  35  3:56  Barracks  
  35  3:58  Barracks x2  
  35  4:00  Marine  
  36  4:09  Stimpack  
  36  4:15  Barracks Tech Lab  
  36  4:18  Barracks Reactor  
  36  4:19  Marine  
  36  4:20  SCV x2  
  36  4:21  SCV  
  36  4:22  Engineering Bay  
  40  4:32  SCV  
  40  4:37  SCV, Marine  
  43  4:41  Bunker, Marine  
  43  4:42  Bunker  
  43  4:43  Bunker  
  43  4:44  Barracks Tech Lab x2  
  43  4:45  Barracks Reactor  
  44  4:52  Factory  
  43  4:54  Marine x2  
  43  4:58  SCV x2  
  43  4:59  Marine  
  48  5:13  Marauder  
  47  5:15  Marine  
  47  5:16  Marauder, Marine  
  47  5:17  Marauder  
  49  5:23  Marine x2  
  49  5:24  Marauder  
  50  5:33  Marine x2  
  50  5:34  Marauder  
  49  5:37  Marine  
  49  5:38  Marine  
  49  5:54  SCV x2  
  49  5:55  Marine x3  
  49  5:56  Factory Reactor  
  54  6:00  Marine x2  
  54  6:03  Marine  
  57  6:04  SCV, Starport  
  57  6:07  Marine  
  59  6:13  SCV x2  
  61  6:19  Concussive Shells  
  61  6:20  Combat Shields  
  61  6:28  Supply Depot  
  61  6:32  Marine  
  62  6:33  Supply Depot, Marine  
  63  6:42  Marine x3  
  63  6:44  Marine  
  67  6:51  Terran Infantry Weapons Level 1  
  67  6:55  Engineering Bay  
  67  6:58  SCV  
  68  7:04  Supply Depot  
  68  7:12  Bunker  
  67  7:16  Supply Depot, Marine  
  68  7:35  Marine x2  
  68  7:36  Medivac x2  
  74  7:37  Marine  
  74  7:38  Marauder  
  74  7:41  Marine  
  78  7:47  Marine x3  
  81  7:55  Armory  
  59  8:23  Marine x4  
  59  8:24  Marauder x2  
  67  8:29  Marine x2  
  69  8:41  Marine x2  
  70  8:44  Marine  
  70  8:45  Marauder  
  73  8:51  SCV  
  73  8:52  Bunker, Marine  
  73  8:53  Marine  
  73  8:54  Widow Mine  
  78  8:59  Terran Infantry Weapons Level 2  
  78  9:17  Marine x2  
  74  9:25  Marine x2  
  74  9:26  Marauder x2  
  80  9:35  Marine x2  
  80  9:36  Marauder  
  82  9:47  Marauder  
  82  9:49  Marine  
  82  9:50  Marauder  
  80  10:04  Marine x2  
  80  10:05  Marauder x2  
  76  10:11  Marine x2  
  76  10:12  Marauder, Widow Mine, Marine  
  83  10:14  Medivac x2  
  87  10:22  Marine x2  
  87  10:26  Marine x2  
  91  10:29  Command Center, Marine x2  
  91  10:31  Marauder  
  91  10:33  Marauder  
  80  10:37  Orbital Command  
  80  10:40  Marine  
  81  10:45  Medivac x2  
  81  10:46  SCV x2  
  87  10:55  Marine x3  
  90  10:59  Marine x3  
  93  11:05  Marine x2  
  93  11:06  SCV  
  93  11:08  SCV x2  
  97  11:15  Medivac x2  
  90  11:35  Marine x2  
  90  11:36  Marine x6  
  98  11:45  Medivac x2  
  102  11:53  Marine x2  
  102  11:54  Marauder, Marine x4  
  104  11:55  Marine  
  104  11:58  Command Center  
  109  12:10  Marine  
  109  12:12  Marauder  
  104  12:42  Marine x5  
  104  12:43  Marauder x3  
  115  13:00  Liberator  
  115  13:01  Liberator  
  115  13:02  Marine x2  
  115  13:03  Marauder  
  115  13:04  Marauder  
  121  13:16  Marine x2  
  121  13:17  Marauder x2  
  133  13:23  Refinery x2  
  133  13:26  Supply Depot  
  132  13:28  Supply Depot  
  132  13:29  Supply Depot x2  
  132  13:30  Supply Depot  
  126  13:44  Marine  
  127  14:20  Marine x8  
  135  14:38  Marine x6  
  136  14:39  Marauder x2  
  136  14:44  Planetary Fortress  
  145  14:49  Supply Depot  
  145  14:51  Missile Turret  
  128  14:53  Missile Turret  
  128  14:55  Marine  
  128  14:56  Marine  
  123  15:05  Marine x2  
  125  15:08  Orbital Command  
  125  15:19  Medivac  
  125  15:20  Medivac  
  119  15:21  Marine x2  
  119  15:22  Marine x4  
  119  15:32  Liberator  
  114  15:40  Marauder x2  
  120  16:14  Terran Infantry Armor Level 1, Terran Infantry Weapons Level 3  
  120  16:28  Marine x4  
  120  16:29  Marauder x2  
  128  16:50  Marine x2  
  128  16:51  Marauder  
  131  16:57  Marine x5  
  131  17:01  Refinery x2  
  131  17:16  Liberator  
  131  17:17  Liberator  
  136  18:03  Marine x2  
  136  18:04  Marine x3  
  146  18:12  Ghost Academy  
  141  18:13  Ghost Academy  
  139  19:23  Personal Cloaking, Nuke  
  139  19:35  Orbital Command  
  139  19:57  Refinery  
  138  20:03  Refinery  
  128  20:26  Ghost  
  116  20:49  Nuke  
  116  20:50  Marine x3  
  118  21:17  Marine  
  117  22:01  Orbital Command  
  107  22:58  Marine  
  91  23:38  Orbital Command  
  89  24:27  SCV  
  85  24:53  Marine x3  
  85  24:54  Marauder  
  90  25:08  SCV  
  90  25:09  SCV x2, Marine x3  
Show
View Real Time Build Order
Export as new Build Order

cango Zerg 

Build Orders: Hatch First 

Get SALT Encoding   

  12  0:02  Drone  
  13  0:09  Drone  
  14  0:17  Overlord  
  15  0:35  Drone x2  
  15  0:36  Drone  
  17  0:54  Hatchery  
  16  0:57  Drone  
  16  1:02  Drone  
  18  1:10  Drone  
  19  1:19  Spawning Pool  
  19  1:21  Drone, Extractor  
  18  1:28  Extractor  
  18  1:30  Drone  
  18  1:40  Drone  
  19  1:54  Drone  
  20  2:03  Drone  
  20  2:07  Roach Warren  
  20  2:09  Drone  
  20  2:11  Queen  
  20  2:13  Queen  
  25  2:18  Drone  
  26  2:26  Evolution Chamber  
  26  2:28  Evolution Chamber  
  24  2:32  Drone  
  24  2:36  Drone  
  26  2:39  Drone  
  27  2:45  Drone  
  27  2:50  Overlord  
  28  2:58  Zerg Missile Weapons Level 1  
  28  3:06  Zerg Ground Armor Level 1  
  28  3:09  Drone  
  28  3:12  Drone  
  30  3:17  Drone  
  31  3:23  Drone  
  31  3:24  Drone x2  
  34  3:27  Drone  
  34  3:31  Overlord  
  35  3:43  Overlord  
  35  3:44  Overlord  
  35  4:00  Roach x3  
  35  4:01  Roach  
  43  4:03  Roach x2  
  43  4:07  Roach  
  43  4:08  Roach  
  51  4:19  Drone x5  
  56  4:24  Lair  
  56  4:36  Drone x3  
  59  4:41  Drone  
  59  4:44  Extractor  
  59  4:47  Overlord x3, Extractor  
  58  4:57  Overlord x2  
  42  5:55  Roach  
  42  5:56  Roach x6  
  42  5:57  Roach x4  
  60  5:58  Roach x2  
  60  6:01  Zerg Missile Weapons Level 2  
  60  6:02  Zerg Ground Armor Level 2  
  68  6:06  Infestation Pit  
  67  6:18  Roach x3  
  73  6:20  Hatchery  
  73  6:25  Roach x4  
  80  6:26  Roach  
  80  6:30  Roach  
  80  6:31  Roach x2  
  88  6:41  Ravager x2  
  90  6:47  Ravager  
  90  6:52  Drone x4  
  90  6:53  Drone x3  
  98  7:05  Drone x2  
  100  7:09  Overlord x3  
  100  7:29  Ravager x2  
  104  7:30  Ravager x4  
  104  7:35  Drone x4  
  104  7:36  Drone x6  
  116  7:45  Hive  
  116  7:47  Drone x3  
  116  7:48  Drone x2  
  92  8:19  Extractor  
  91  8:22  Roach x2  
  91  8:23  Roach x6, Extractor  
  91  8:24  Roach x5  
  116  8:40  Queen  
  118  8:53  Ravager x6  
  118  8:54  Ravager  
  125  9:07  Evolution Chamber  
  108  9:34  Zergling x10  
  108  9:35  Zergling x14  
  108  9:36  Zergling x14  
  108  9:37  Zergling x2  
  118  10:21  Overlord x2  
  118  10:22  Overlord x6  
  118  10:28  Ultralisk Cavern  
  117  10:46  Hatchery  
  116  10:57  Drone  
  116  10:58  Drone x7  
  116  10:59  Drone  
  107  11:33  Chitinous Plating  
  107  11:35  Zerg Melee Weapons Level 1  
  107  11:37  Zerg Missile Weapons Level 3  
  107  11:39  Ultralisk x4  
  137  11:40  Ultralisk  
  137  11:44  Overseer  
  137  11:45  Overseer x2  
  137  11:47  Metabolic Boost  
  136  12:36  Ultralisk x4  
  136  12:37  Zergling x6  
  161  12:41  Hatchery  
  156  13:23  Hatchery  
  154  13:31  Overlord x3  
  154  13:33  Overlord  
  151  13:56  Ultralisk x3  
  149  14:42  Overseer  
  149  14:43  Overseer x2  
  129  16:34  Hatchery  
  128  17:46  Drone  
  128  17:50  Extractor  
  126  18:38  Drone  
  126  18:39  Drone x2  
  129  18:52  Spawning Pool  
  128  20:25  Hatchery  
  124  21:56  Spawning Pool  
  113  22:17  Drone x3  
  116  22:28  Drone  
  108  23:18  Lair  
  99  24:00  Drone x3  
  96  24:29  Spire  
  95  24:47  Overseer x2  
  93  25:03  Spire  
Tags
 
Add a new tag
Caveats
  • Supply blocks, unpowered buildings, or Contaminate may cause inaccurate times.
  • Supply counts are checked every 10 seconds.